 Dungeon Crawl Stone Soup version 0.31-a0-949-g57150269e1 (webtiles) character file.

Game seed: 4175314333899801790

74090 promet the Warrior (level 15, 0/147 HPs)
             Began as a Minotaur Fighter on Oct 20, 2023.
             Was a Follower of Ru.
             Constricted to death by Jorgrun (3 damage)
             ... on level 14 of the Dungeon on Oct 22, 2023.
             The game lasted 03:29:25 (43889 turns).

promet the Warrior (Minotaur Fighter)              Turns: 43889, Time: 03:29:27

Health: 0/147      AC: 27    Str: 21    XL:     15   Next: 5%
Magic:  0/14       EV:  1    Int: 11    God:    Ru [*.....]
Gold:   363        SH: 16    Dex: 13    Spells: 12/14 levels left

rFire   . . .        h - +5 war axe "Xuilaoda" {heavy, rElec rPois rN+ Stlth+}
rCold   . . .        v - +0 tower shield
rNeg    + . .        r - +4 chain mail
rPois   +            (helmet restricted)
rElec   +            i - +1 cloak
rCorr   .            (no gloves)
SInv    +            N - +2 pair of boots
Will    +....        D - amulet of guardian spirit Stlth
                     H - ring of see invisible
HPRegen 0.44/turn    u - ring "Rifacont" {Fly rPois AC+4 Int+2}
MPRegen 0.14/turn

%: guardian spirit
@: petrifying, grasped by roots, flying, constricted, very slow
A: horns 2, no air magic, no conjurations magic, no transmutations magic,
retaliatory headbutt
a: Renounce Religion, Sacrifice an Eye, Sacrifice Nimbleness, Sacrifice a Hand,
Reject Sacrifices


You were on level 14 of the Dungeon.
You worshipped Ru.
Ru was aware of your devotion.
You visited 4 branches of the dungeon, and saw 22 of its levels.

You collected 2509 gold pieces.
You spent 2146 gold pieces at shops.

Inventory:

Hand Weapons
 a - the +3 long sword of Ascent {holy, Str+5}
   (You found it on level 13 of the Dungeon)

   Str+5:     It affects your strength (+5).
 b - a +5 longbow of freezing
 c - a +1 sling of flaming
 d - a +3 short sword of venom
 e - a +2 antimagic dagger
 h - the +5 war axe "Xuilaoda" (weapon) {heavy, rElec rPois rN+ Stlth+}
   (You found it on level 5 of the Dungeon)

   rElec:     It insulates you from electricity.
   rPois:     It protects you from poison rN+: It protects you from negative
   energy.
   Stlth+:    It makes you more stealthy.
 C - a +0 heavy spear
 E - a +3 war axe of draining
 J - the +4 flail "Buinik" {pain, rElec rC- Will+ rCorr}
   (You found it on level 8 of the Dungeon)

   rC-:       It makes you vulnerable to cold.
   rElec:     It insulates you from electricity.
   Will+:     It increases your willpower.
   rCorr:     It protects you from acid and corrosion.
 L - a +0 flail of draining
 P - a +0 battleaxe of chaos
Missiles
 g - 6 boomerangs
 p - 40 poisoned darts
 F - 8 curare-tipped darts
Armour
 i - a +1 cloak (worn)
 k - +1 steam dragon scales
 r - a +4 chain mail (worn)
 v - a +0 tower shield (worn)
 z - a +0 kite shield
 N - a +2 pair of boots (worn)
Jewellery
 u - the ring "Rifacont" (right hand) {Fly rPois AC+4 Int+2}
   (You bought it in a shop on level 2 of the Orcish Mines)

   [ring of protection]

   AC+4:      It affects your AC (+4).
   Int+2:     It affects your intelligence (+2).
   rPois:     It protects you from poison Fly: It grants you flight.
 D - an amulet of guardian spirit (around neck)
 H - a ring of see invisible (left hand)
 O - the ring "Xagostalid" {Fly rElec rC- SInv}
   (You found it on level 10 of the Dungeon)

   [ring of see invisible]

   rC-:       It makes you vulnerable to cold.
   rElec:     It insulates you from electricity.
   SInv:      It lets you see invisible.
   Fly:       It grants you flight.
 W - a +6 ring of strength
Wands
 m - a wand of mindburst (11) (quivered)
 q - a wand of polymorph (1)
 G - a wand of light (2)
 T - a wand of flame (12)
 V - a wand of charming (5)
Scrolls
 j - 7 scrolls of teleportation
 x - a scroll of vulnerability
 y - a scroll of noise
 A - a scroll of revelation
 B - 4 scrolls of identify
 K - a scroll of summoning
 S - a scroll of fear
 U - 3 scrolls of fog
Potions
 f - a potion of ambrosia
 n - 2 potions of haste
 o - a potion of lignification
 s - 6 potions of curing
 t - 7 potions of attraction
 I - a potion of invisibility
 R - 3 potions of might
Miscellaneous
 l - a box of beasts
 Q - a phial of floods


   Skills:
 * Level 17.2 Fighting
 + Level 2.5(2.9) Short Blades
 * Level 2.2(3.0) Long Blades
 + Level 14.3(14.6) Axes
 + Level 3.8(10.1) Maces & Flails
 + Level 1.3(9.4) Polearms
 + Level 9.2 Ranged Weapons
 + Level 3.9 Throwing
 + Level 14.0 Armour
 + Level 5.3 Dodging
 + Level 2.5 Stealth
 + Level 10.0 Shields
 + Level 4.9 Necromancy
 + Level 0.7 Translocations
 * Level 4.0 Evocations


You had 12 spell levels left.
You knew the following spells:

 Your Spells              Type           Power      Damage    Failure   Level
a - Blink                 Tloc           2%         N/A       100%        2

Your spell library contained the following spells:

 Spells                   Type           Power      Damage    Failure   Level
 Sublimation of Blood     Necr           10%        N/A       77%         2
 Apportation              Tloc           2%         N/A       99%         1
 Call Imp                 Summ           0%         N/A       100%        2
 Jinxbite                 Hex            0%         N/A       100%        2
 Lesser Beckoning         Tloc           2%         N/A       100%        2
 Call Canine Familiar     Summ           0%         N/A       100%        3
 Gell's Gravitas          Tloc           1%         N/A       100%        3
 Sigil of Binding         Hex            0%         N/A       100%        3
 Teleport Other           Tloc           1%         N/A       100%        3
 Volatile Blastmotes      Fire/Tloc      0%         2d10      100%        3
 Dimensional Bullseye     Hex/Tloc       0%         N/A       100%        4
 Leda's Liquefaction      Hex/Erth       0%         N/A       100%        4
 Manifold Assault         Tloc           1%         N/A       100%        4
 Summon Hydra             Summ           0%         N/A       100%        7
 Magic Dart               Conj           Unusable   1d3       N/A         1
 Static Discharge         Conj/Air       Unusable   3-3/arc   N/A         2
 Wereblood                Tmut           Unusable   N/A       N/A         2
 Dazzling Flash           Conj/Hex       Unusable   N/A       N/A         3
 Mephitic Cloud           Conj/Pois/Air  Unusable   N/A       N/A         3
 Airstrike                Air            Unusable   2d(0-16)  N/A         4
 Fulminant Prism          Conj/Hex       Unusable   3d5       N/A         4
 Iskenderun's Mystic Bla  Conj/Tloc      Unusable   2d3       N/A         4
 Summon Lightning Spire   Summ/Air       Unusable   N/A       N/A         4
 Alistair's Intoxication  Tmut/Pois      Unusable   N/A       N/A         5
 Starburst                Conj/Fire      Unusable   6d3       N/A         6
 Maxwell's Capacitive Co  Air            Unusable   ∞         N/A         8

Dungeon Overview and Level Annotations

Branches:
Dungeon (14/15)            Temple (0/1) D:5            Lair (5/5) D:9
 Shoals (0/4) Lair:3        Snake (1/4) Lair:3        Slime (0/5) Lair:4
    Orc (2/2) D:9             Elf (0/3) Orc:2
 Vaults: D:13-14

Altars:
Ashenzari
Cheibriados
Dithmenos
Elyvilon
Fedhas
Gozag
Ru
Trog
Vehumet
Wu Jian
Xom
Yredelemnul

Shops:
D:4 *!   D:13 *   Orc:2 ?(*=

Portals:
Pandemonium: Orc:2
Trove: D:10 (give +4 demon whip)

Annotations:
D:14 Jorgrun
Lair:4 3 runed translucent doors, Getoffmy's ghost, journeyman AtFi
Lair:5 2 transporters, SecretSquirrel's ghost, journeyman BaHu


Innate Abilities, Weirdness & Mutations

You have a pair of horns on your head.
You cannot study or cast Air magic.
You cannot study or cast Conjurations magic.
You cannot study or cast Transmutations magic.
You reflexively headbutt those who attack you in melee.


Message History

You block Jorgrun's attack.
You slash Jorgrun! Your headbutt misses Jorgrun.
Jorgrun is severely wounded.
Jorgrun casts a spell at you.
Roots burst forth from the earth!
The grasping roots grab you! The grasping roots constrict you.
You redirect Jorgrun's attack!
Jorgrun hits you with a +0 heavy quarterstaff.
The grasping roots constrict you!
You barely miss Jorgrun. Your headbutt misses Jorgrun.
Jorgrun is heavily wounded.
A basilisk comes into view.
Jorgrun hits you with a +0 heavy quarterstaff!
The grasping roots constrict you!!
The basilisk hisses angrily.
You slash Jorgrun! Your headbutt misses Jorgrun.
Jorgrun is severely wounded.
You hit Jorgrun but do no damage.
Jorgrun is severely wounded.
You block Jorgrun's attack. The grasping roots constrict you!
* * * LOW HITPOINT WARNING * * *
You slash Jorgrun! You headbutt Jorgrun!
Jorgrun is almost dead.
Jorgrun points at you and mumbles some strange words.
The iron shot hits you!!
* * * LOW HITPOINT WARNING * * *
The grasping roots constrict you!
* * * LOW HITPOINT WARNING * * *
The basilisk gazes at you.
You are slowing down.
You block Jorgrun's attack. The grasping roots constrict you!
* * * LOW HITPOINT WARNING * * *
You slash Jorgrun!
Jorgrun is almost dead.
You redirect the basilisk's attack!
The basilisk gazes at Jorgrun.
Jorgrun resists with almost no effort.
Jorgrun hits you but does no damage. The grasping roots constrict you.
You die...

#+### #######
#####...###.....##
.................#
................<#
....l............#
.................#
............!....#
......g@.........#
.................#
###.#######.....##
# #.....# #......
#......# #?.....#


You could see Jorgrun and a basilisk (distracted).

Vanquished Creatures
  Snorg (Lair:4)
  An ettin (Orc:2)
  5 hydras
  2 two-headed ogres
  A centaur warrior (D:13)
  A boulder beetle (D:11)
  A catoblepas (D:13)
  6 death yaks
  2 demonspawn
  6 orc high priests
  Sonja (D:13)
  3 skeletal warriors
  A skyshark (Lair:4)
  An orange crystal statue (Snake:1)
  6 orc knights
  A deep elf pyromancer (D:12)
  5 orc sorcerers
  3 manticores
  4 cyclopes
  8 elephants
  4 black mambas
  2 orange demons (Orc:2)
  A naga mage (Snake:1)
  A gargoyle (D:12)
  A smoke demon (Orc:2)
  11 cane toads
  12 komodo dragons
  4 rime drakes
  A red devil (Orc:2)
  6 trolls
  8 polar bears
  8 hornets
  7 dream sheep
  4 blink frogs (Lair:4)
  4 slime creatures
  Sigmund (D:3)
  14 spriggans
  A wraith (D:12)
  A shadow (D:12)
  2 vampires (D:12)
  5 basilisks
  45 yaks
  5 wyverns
  2 steam dragons
  A chaos spawn (Orc:2)
  6 wargs
  38 water moccasins
  A swamp drake (D:9)
  An ice beast (D:7)
  31 orc warriors
  2 sky beasts (D:6)
  5 black bears
  33 wolves
  5 ogres
  4 boggarts (Lair:5)
  11 centaurs
  2 phantoms (D:4)
  4 kobold brigands
  11 bullfrogs
  A gnoll sergeant (D:6)
  A scorpion (D:7)
  4 killer bees (D:10)
  A jelly (D:6)
  6 howler monkeys
  5 electric eels
  A crimson imp (D:5)
  2 hounds (D:5)
  26 orc priests
  A gnoll bouda (D:8)
  4 iguanas
  24 orc wizards
  21 adders
  4 gnolls
  4 white imps
  4 worms
  2 dart slugs
  99 orcs
  4 endoplasms (D:2)
  4 giant cockroaches
  7 goblins
  4 hobgoblins
  33 kobolds
  5 quokkas
  7 ball pythons
  5 bats (D:2)
  4 frilled lizards
  3 rats
650 creatures vanquished.

Vanquished Creatures (collateral kills)
  A wolf (Lair:5)
1 creature vanquished.

Vanquished Creatures (others)
  A slime creature (D:12)
  An adder (Lair:1)
  An orc (D:10)
3 creatures vanquished.

Grand Total: 654 creatures vanquished

Notes
Turn   | Place    | Note
-------+----------+-------------------------------------------
     0 | D:1      | promet the Minotaur Fighter began the quest for the Orb.
     0 | D:1      | Reached XP level 1. HP: 19/19 MP: 0/0
   317 | D:1      | Reached XP level 2. HP: 27/27 MP: 1/1
   476 | D:1      | Reached skill level 4 in Fighting
   795 | D:2      | Reached XP level 3. HP: 27/33 MP: 2/2
  1320 | D:2      | Reached skill level 1 in Short Blades
  1320 | D:2      | Reached XP level 4. HP: 39/40 MP: 3/3
  1870 | D:3      | Noticed Sigmund
  2095 | D:3      | Reached skill level 1 in Dodging
  2180 | D:3      | Killed Sigmund
  2181 | D:3      | Reached skill level 5 in Fighting
  2181 | D:3      | Reached XP level 5. HP: 36/48 MP: 4/4
  2181 | D:3      | Reached XP level 6. HP: 42/56 MP: 5/5
  2645 | D:3      | Found an opulent altar of Gozag.
  2852 | D:4      | Reached skill level 5 in Armour
  3013 | D:4      | Found Epliop's Distillery.
  3039 | D:4      | Bought a potion of curing for 42 gold pieces
  3039 | D:4      | Bought a potion of curing for 42 gold pieces
  3039 | D:4      | Bought a potion of heal wounds for 70 gold pieces
  3170 | D:4      | Reached skill level 1 in Throwing
  3321 | D:4      | Reached XP level 7. HP: 61/61 MP: 6/6
  3437 | D:4      | Found Kuwn's General Store.
  3517 | D:4      | You fall into a shaft and drop 1 floor!
  3517 | D:5      | Entered Level 5 of the Dungeon
  4312 | D:5      | Found a white marble altar of Elyvilon.
  4351 | D:5      | Found a radiant altar of Vehumet.
  4361 | D:5      | Found a broken altar of Ashenzari.
  4362 | D:5      | Found a bloodstained altar of Trog.
  4362 | D:5      | Found a shimmering altar of Xom.
  4365 | D:5      | Found a shadowy altar of Dithmenos.
  4432 | D:5      | Found a staircase to the Ecumenical Temple.
  4581 | D:5      | Reached skill level 6 in Fighting
  4581 | D:5      | Reached skill level 5 in Axes
  4600 | D:5      | Identified the +5 war axe "Xuilaoda" {heavy, rElec rPois
                  | rN+ Stlth+}
  4804 | D:5      | Reached XP level 8. HP: 65/70 MP: 7/7
  5573 | D:6      | Found a sacrificial altar of Ru.
  5576 | D:6      | Found a blossoming altar of Fedhas.
  5579 | D:6      | Found a snail-covered altar of Cheibriados.
  5582 | D:6      | Found a basalt altar of Yredelemnul.
  5588 | D:6      | Became a worshipper of Ru the Awakened
  5843 | D:6      | Reached skill level 1 in Ranged Weapons
  6208 | D:6      | Reached skill level 7 in Fighting
  7251 | D:7      | Reached skill level 1 in Polearms
  7926 | D:7      | Reached skill level 8 in Fighting
  7926 | D:7      | Reached XP level 9. HP: 72/81 MP: 8/8
  8483 | D:8      | Found an ornate altar of the Wu Jian Council.
  8654 | D:8      | Reached skill level 1 in Stealth
  8681 | D:8      | Reached skill level 9 in Fighting
  9386 | D:8      | Identified the +4 flail "Buinik" {pain, rElec rC- Will+
                  | rCorr}
  9878 | D:9      | Reached XP level 10. HP: 31/91 MP: 9/9
 10136 | D:9      | Reached skill level 1 in Necromancy
 10913 | D:9      | Found a staircase to the Lair.
 10925 | D:8      | Reached skill level 10 in Fighting
 11510 | D:9      | Found a staircase to the Orcish Mines.
 12025 | D:9      | Reached skill level 10 in Armour
 12141 | D:9      | Reached skill level 10 in Axes
 13035 | D:12     | Identified the "Nyjyibuw"
 13035 | D:13     | Identified the of Jiwn
 13035 | Lair:1   | Entered Level 1 of the Lair of Beasts
 13122 | Lair:1   | Noticed a cane toad
 13130 | Lair:1   | Killed a cane toad
 13153 | Lair:1   | Noticed a cane toad
 13161 | Lair:1   | Killed a cane toad
 13238 | Lair:1   | Noticed a cane toad
 13244 | Lair:1   | Killed a cane toad
 13245 | Lair:1   | Reached skill level 11 in Fighting
 13245 | Lair:1   | Reached skill level 5 in Ranged Weapons
 13245 | Lair:1   | Reached XP level 11. HP: 99/102 MP: 10/10
 13628 | Lair:1   | Reached skill level 5 in Shields
 16015 | Lair:2   | Reached skill level 12 in Fighting
 18189 | Lair:2   | Reached XP level 12. HP: 113/113 MP: 11/11
 18254 | Lair:3   | Found a staircase to the Shoals.
 19503 | Lair:3   | Found a staircase to the Snake Pit.
 19811 | Lair:3   | Noticed a six-headed hydra
 19831 | Lair:3   | Killed a six-headed hydra
 19926 | Lair:3   | Reached skill level 1 in Maces & Flails
 20338 | Lair:3   | Reached skill level 13 in Fighting
 20436 | Lair:3   | Noticed a seven-headed hydra
 21262 | Lair:3   | Killed a seven-headed hydra
 21559 | Lair:3   | Noticed an eight-headed hydra
 21567 | Lair:3   | Killed an eight-headed hydra
 21899 | Lair:3   | Noticed an eight-headed hydra
 22514 | Lair:4   | Noticed Snorg
 22573 | Lair:4   | Killed Snorg
 22574 | Lair:4   | Reached XP level 13. HP: 61/123 MP: 12/12
 22849 | Lair:4   | Found a runed translucent gate.
 22849 | Lair:4   | Found a runed translucent gate.
 22849 | Lair:4   | Found a runed translucent gate.
 23097 | Lair:4   | Noticed a minotaur
 23435 | Snake:1  | Entered Level 1 of the Snake Pit
 23730 | Lair:3   | Reached skill level 14 in Fighting
 24378 | Lair:4   | Found a staircase to the Slime Pits.
 24392 | Lair:4   | Noticed Getoffmy's ghost (journeyman AtFi)
 25499 | Lair:5   | Entered Level 5 of the Lair of Beasts
 25499 | Lair:5   | Found a transporter.
 26107 | Lair:5   | Noticed SecretSquirrel's ghost (journeyman BaHu)
 26763 | Lair:5   | Reached skill level 15 in Fighting
 26861 | Lair:5   | Found a transporter.
 27030 | Lair:5   | Found a broken altar of Ashenzari.
 27081 | Lair:5   | Learned a level 2 spell: Blink
 29673 | Lair:5   | Reached XP level 14. HP: 121/135 MP: 13/13
 30477 | Orc:1    | Entered Level 1 of the Orcish Mines
 31531 | Orc:1    | Found a radiant altar of Vehumet.
 31565 | Orc:1    | Gained mutation: You cannot study or cast Air magic. [Ru
                  | sacrifice]
 31565 | Orc:1    | Gained mutation: You cannot study or cast Transmutations
                  | magic. [Ru sacrifice]
 31565 | Orc:1    | Gained mutation: You cannot study or cast Conjurations
                  | magic. [Ru sacrifice]
 31565 | Orc:1    | Reached * piety under Ru
 31790 | Orc:2    | Entered Level 2 of the Orcish Mines
 31790 | Orc:2    | Found a staircase to the Elven Halls.
 32551 | Orc:2    | Found Pos Zumm's Magic Scroll Emporium.
 32566 | Orc:2    | Reached skill level 16 in Fighting
 32624 | Orc:2    | Found Ymmih's General Store.
 33295 | Orc:2    | Upgraded the game from 0.31-a0-940-gdaa99269f9 to
                  | 0.31-a0-949-g57150269e1
 33565 | Orc:2    | Reached skill level 5 in Dodging
 34156 | Orc:2    | Paralysed by an orc sorcerer for 5 turns
 34164 | Orc:1    | Paralysed by an orc sorcerer for 5 turns
 34171 | Orc:1    | Reached skill level 1 in Evocations
 36816 | Orc:2    | Bought a scroll of teleportation for 36 gold pieces
 36816 | Orc:2    | Bought a scroll of teleportation for 36 gold pieces
 36816 | Orc:2    | Bought a scroll of teleportation for 36 gold pieces
 37008 | Orc:2    | Paralysed by an orc sorcerer for 3 turns
 37559 | Orc:2    | Found Xedgheorph's Jewellery Boutique.
 37559 | Orc:2    | Found Egophuih's Antique Weapon Shop.
 37560 | Orc:2    | Found a one-way gate leading to the halls of Pandemonium.
 37576 | Orc:2    | Bought the ring "Rifacont" {Fly rPois AC+4 Int+2} for 909
                  | gold pieces
 37841 | D:4      | Bought a +2 pair of boots for 214 gold pieces
 37841 | D:4      | Bought a scroll of enchant weapon for 97 gold pieces
 38367 | D:10     | Entered Level 10 of the Dungeon
 38806 | D:10     | Found a portal to a secret trove of treasure.
 38846 | D:10     | Identified the ring "Xagostalid" {Fly rElec rC- SInv}
 40973 | D:12     | Reached skill level 17 in Fighting
 42233 | D:13     | Found Wuvoe's Gadget Gallery.
 42246 | D:13     | Identified the +3 long sword of Ascent {holy, Str+5}
 42261 | D:13     | Bought a box of beasts for 560 gold pieces
 42308 | D:13     | Identified the +0 leather armour of Indecent Exposure {+Inv
                  | Dex+3}
 42693 | D:12     | Reached skill level 1 in Long Blades
 43065 | Orc:2    | Bought a scroll of fog for 48 gold pieces
 43067 | Orc:2    | Bought a scroll of fog for 56 gold pieces
 43259 | D:12     | Reached XP level 15. HP: 130/147 MP: 10/14
 43494 | D:13     | Reached skill level 10 in Shields
 43581 | D:13     | Noticed Sonja
 43603 | D:13     | Killed Sonja
 43866 | D:14     | Noticed Jorgrun
 43888 | D:14     | HP: 2/147 [constriction (9)]
 43889 | D:14     | Constricted to death by Jorgrun

Illustrated notes

Levels and vault maps discovered:
D:1:      beargit_arrival_greenhouse, layout_basic
D:2:      minmay_alternating_diamond, layout_loops_ring
D:3:      layout_rooms, grunt_gozag_breadcrumbs, uniq_sigmund
D:4:      layout_loops_corners, lightli_ossuary_entry_decrepit_ruins,
          serial_shops, shop, shop
D:5:      layout_rooms, nicolae_elyvilon_peaceful_grove, minitemple,
          minmay_temple_entry_from_below_a, nrook_mini_vaults,
          minmay_fire_ice_demons
D:6:      layout_gridville, grunt_temple_overflow_cloverleaf, minivault_24
D:7:      layout_rooms
D:8:      layout_loops_cross, nicolae_wu_jian_wuxing_cycle, serial_park_tiny_2,
          dreamdust_gnoll_shepherd
D:9:      layout_gridville, minmay_lair_entry_grove, erik_orc_1
D:10:     layout_loops_ring, nicolae_trove_entry_crossroad, special_room
          [special_room_orc]
D:11:     layout_stronghold
D:12:     layout_small_grid, kennysheep_generic_room_12
D:13:     layout_long_grid, drop_trap, nicolae_shop_gadgets, uniq_sonja
D:14:     layout_gridville, david_vaults_4, uniq_jorgrun, uniq_rupert
Lair:1:   lemuel_reptile_caves, layout_long_grid, enter_volcano_2,
          grunt_forest_small_clearing_treed
Lair:2:   layout_cave_pods, grunt_forest_large_clearing_hut
Lair:3:   nzn_winding_woodlands_stair_trap
          [nzn_winding_woodlands_5x15_lazy_stream,
          nzn_winding_woodlands_5x15_concentric,
          nzn_winding_woodlands_5x15_zeroes,
          nzn_winding_woodlands_15x15_boxy_spiral,
          nzn_winding_woodlands_5x15_pool, nzn_winding_woodlands_5x15_twine,
          nzn_winding_woodlands_5x15_split_checker], layout_concentric_octagons,
          minmay_shoals_entry_centaurs, minmay_snake_entry_six_corridors
Lair:4:   layout_cave_pods, dpeg_slime_entry_enclosed,
          maelrawn_ghost_gauntlet_escape, pdpol_lair_neglected_garden,
          uniq_snorg
Lair:5:   minmay_lair_end_enchanted_forest, layout_cave_pods, basic_altar,
          nzn_ghost_randoct, serial_bayou_shore_a
Snake:1:  layout_onion_interference, gammafunk_ghost_wrathful_warriors,
          dpeg_stationary_puzzle
Orc:1:    layout_diamond_mine, basic_altar
Orc:2:    pf_orc_diabolical, layout_caves

Skill      XL: |  1  2  3  4  5  6  7  8  9 10 11 12 13 14 15 |
---------------+----------------------------------------------+-----
Shields        | 4 6 8 9 10 | 10.0
Fighting       | 4 5 6 8 9 11 12 13 15 17 | 17.2
Armour         | 4 5 6 8 9 10 11 12 13 14 | 14.0
Short Blades   | 1 2 |  2.5
Dodging        | 2 3 4 5 |  5.3
Axes           | 3 4 5 6 9 10 11 12 13 14 | 14.3
Throwing       | 1 2 3 |  3.9
Ranged Weapons | 2 4 5 6 9 |  9.2
Polearms       | 1 |  1.3
Stealth        | 1 2 |  2.5
Necromancy     | 2 4 |  4.9
Maces & Flails | 3 |  3.8
Evocations     | 3 4 |  4.0
Long Blades    | 2 |  2.2
Translocations | |  0.7

Action                     |  1- 3 |  4- 6 |  7- 9 | 10-12 | 13-15 || total
---------------------------+-------+-------+-------+-------+-------++-------
  Melee: Dagger            |    83 |       |       |       |     2 ||    85
         War axe           |     5 |       |       |   350 |   598 ||   953
         Headbutt          |    14 |    14 |    37 |    96 |   156 ||   317
         Battleaxe         |     5 |    82 |   223 |    95 |       ||   405
         Spear             |       |       |    36 |     3 |       ||    39
         Flail             |       |       |       |    32 |    23 ||    55
         Punch             |       |       |       |       |     9 ||     9
         Long sword        |       |       |       |       |    37 ||    37
         Falchion          |       |       |       |       |    32 ||    32
   Fire: Longbow           |       |       |    58 |    53 |   324 ||   435
         Sling             |       |       |       |       |    60 ||    60
  Throw: Boomerang         |     6 |     3 |     6 |    79 |    23 ||   117
         Dart              |       |     3 |     5 |     6 |     5 ||    19
         Throwing net      |       |       |       |     1 |       ||     1
         Stone             |       |       |       |       |     1 ||     1
 Invoke: Sacrifice Arcana  |       |       |       |       |     1 ||     1
  Evoke: Wand              |       |       |       |     6 |     8 ||    14
         Phial of floods   |       |       |       |     2 |     1 ||     3
    Use: Scroll            |     1 |     7 |     6 |    10 |    19 ||    43
         Potion            |       |       |     5 |     2 |    13 ||    20
   Stab: Confused          |       |       |       |     1 |       ||     1
         Held in net/web   |       |       |       |     1 |       ||     1
         Invisible         |       |       |       |       |     1 ||     1
         Distracted        |       |       |       |       |     1 ||     1
 Armour: Scale mail        |    66 |    36 |       |       |       ||   102
         Chain mail        |       |    50 |   289 |   632 |   914 ||  1885
  Dodge: Dodged            |    65 |    52 |   137 |   255 |   383 ||   892
  Block: Buckler           |    19 |       |       |       |       ||    19
         Kite shield       |       |       |       |   233 |       ||   233
         Tower shield      |       |       |       |       |   163 ||   163

Table legend: (Time is in decaauts)
 A = Elapsed time spent in this place.
 B = Non-inter-level travel time spent in this place.
 C = Inter-level travel time spent in this place.
 D = Time resting spent in this place.
 E = Time spent auto-exploring this place.
 F = Levels seen in this place.
 G = Mean time per level.
                   A        B        C        D        E       F      G
               +--------+--------+--------+--------+--------+-----+--------+
         Total |  44655 |  41514 |   3141 |  18747 |   7054 |  22 | 2029.8 |
       Dungeon |  20411 |  18466 |   1945 |   7063 |   4477 |  14 | 1457.9 |
          Lair |  17300 |  16427 |    873 |   8932 |   2137 |   5 | 3460.0 |
     Snake Pit |     32 |     32 |      0 |      0 |      0 |   1 |   32.0 |
  Orcish Mines |   6911 |   6589 |    322 |   2751 |    440 |   2 | 3455.5 |
               +--------+--------+--------+--------+--------+-----+--------+

Top non-repeatable levels by time:
   Orc:2: 4969 daAuts
  Lair:3: 4482 daAuts
     D:9: 4054 daAuts
  Lair:5: 4049 daAuts
  Lair:1: 3752 daAuts
  Lair:4: 2678 daAuts
  Lair:2: 2337 daAuts
     D:6: 2150 daAuts
     D:8: 1978 daAuts
   Orc:1: 1942 daAuts
    D:11: 1651 daAuts
     D:4: 1630 daAuts
    D:12: 1583 daAuts
     D:5: 1374 daAuts
     D:2: 1258 daAuts
